 Dungeon Crawl Stone Soup version 0.22.1 (webtiles) character file.

4372 dvd the Geomancer (level 10, 0/60 HPs)
             Began as an Octopode Earth Elementalist on Sept 19, 2018.
             Was a Priest of Vehumet.
             Slain by a three-headed hydra (1 damage)
             ... on level 8 of the Dungeon.
             The game lasted 00:28:54 (10752 turns).

dvd the Geomancer (Octopode Earth Elementalist)    Turns: 10752, Time: 00:28:56

Health: 0/60       AC:  1    Str:  8      XL:     10   Next: 34%
Magic:  0/21       EV: 14    Int: 19      God:    Vehumet [***...]
Gold:   430        SH:  0    Dex: 13 (14) Spells: 13/24 levels left

rFire    . . .     SeeInvis .   y - +4 long sword
rCold    . . .     Gourm    .   (no shield)
rNeg     . . .     Faith    .   (helmet restricted)
rPois    .         Spirit   +   p - amulet of guardian spirit
rElec    .         Reflect  .   (no ring)
rCorr    .         Harm     .   (no ring)
MR       .....                  (no ring)
Stlth    ++++......             (no ring)
HPRegen  0.20/turn              (no ring)
MPRegen  0.17/turn              (no ring)
                                (no ring)
                                (no ring)

@: about to teleport
A: almost no armour, stealthy swim, amphibious, 8 rings, constrict 8, camouflage
1, gelatinous body 1
a: Renounce Religion


You were on level 8 of the Dungeon.
You worshipped Vehumet.
Vehumet was most pleased with you.
You were not hungry.

You visited 2 branches of the dungeon, and saw 9 of its levels.

You collected 430 gold pieces.

Inventory:

Hand Weapons
 f - a +2 flail of crushing
 i - a +2 dagger of holy wrath
 q - a +0 flail of protection
 r - a +2 short sword of speed
 s - a +0 spear of venom
 x - a +2 scythe of slicing
 y - a +4 long sword (weapon)
Missiles
 b - 192 stones (quivered)
 m - 8 poisoned tomahawks
Jewellery
 p - an amulet of guardian spirit (around mantle)
Wands
 j - a wand of flame (31)
 v - a wand of iceblast (8)
 z - a wand of polymorph (19)
 D - a wand of random effects (41)
Scrolls
 a - 6 scrolls of remove curse
 d - a scroll of random uselessness {unknown}
 h - 5 scrolls of enchant armour
 l - 2 scrolls of magic mapping
 o - 9 scrolls of identify
 u - 2 scrolls of teleportation
 w - a scroll of silence {unknown}
 B - a scroll of amnesia
Potions
 e - a potion of curing
 g - 2 potions of heal wounds
 k - a potion of might
 n - a potion of flight
 t - a potion of brilliance
 A - a potion of berserk rage
Comestibles
 c - 17 rations
 C - 9 chunks of flesh


   Skills:
 + Level 2.2 Fighting
 + Level 3.5 Long Blades
 + Level 1.8 Polearms
 + Level 3.4 Dodging
 + Level 6.2 Stealth
 + Level 7.9 Spellcasting
 * Level 5.1 Conjurations
   Level 1.0 Transmutations
 + Level 0.2 Fire Magic
 + Level 9.0 Earth Magic


You had 13 spell levels left.
You knew the following spells:

 Your Spells              Type           Power        Failure   Level  Hunger
a - Sandblast             Erth           #####.       1%          1    None
b - Stone Arrow           Conj/Erth      ####..       1%          3    None
c - Shock                 Conj/Air       ###.         1%          1    None
d - Flame Tongue          Conj/Fire      ###..        1%          1    None
e - Lee's Rapid Deconstr  Erth           #####.....   1%          5    #####..

Your spell library contained the following spells:

 Spells                   Type           Power        Failure   Level  Hunger
 Inner Flame              Hex/Fire       #.......     7%          3    None
 Magic Dart               Conj           ####         1%          1    None
 Passwall                 Tmut/Erth      ####....     1%          2    None
 Searing Ray              Conj           ####..       1%          2    None
 Dazzling Spray           Conj/Hex       ###...       2%          3    None
 Iskenderun's Mystic Bla  Conj           ####....     3%          4    ###....
 Force Lance              Conj/Tloc      ###.....     9%          4    ###....
 Fulminant Prism          Conj/Hex       ###.......   9%          4    ###....
 Petrify                  Tmut/Erth      ####....     12%         4    ###....


Dungeon Overview and Level Annotations

Branches:
Dungeon (8/15)             Temple (1/1) D:7
   Lair: D:8-11

Altars:
Ashenzari
Cheibriados
Dithmenos
Elyvilon
Fedhas
Gozag
Hepliaklqana
Kikubaaqudgha
Makhleb
Nemelex Xobeh
Okawaru
Qazlal
Ru
Sif Muna
Trog
Uskayaw
Vehumet
Wu Jian
Xom
Yredelemnul
Zin
The Shining One


Innate Abilities, Weirdness & Mutations

You cannot wear most types of armour.
You are very stealthy in the water. (Stealth+)
You are amphibious.
You can wear up to eight rings at the same time.
You can use your tentacles to constrict eight enemies at once.
Your skin changes colour to match your surroundings (Stealth+).
Your rubbery body absorbs attacks. (AC +1, EV +1)


Message History

There is an open gate here.
You start resting.
Something unseen opens the door.
You start resting.
A three-headed hydra comes into view.
The three-headed hydra roars!
You hear a shout!
A big kobold comes into view. It is wielding a halberd of venom.
The three-headed hydra bites you!
The three-headed hydra closely misses you.
The three-headed hydra bites you!!
Found a dagger.
You see here a yak skeleton.
You see here a big kobold corpse.
As you read the scroll of teleportation, it crumbles to dust.
You feel strangely unstable. The three-headed hydra bites you!
* * * LOW HITPOINT WARNING * * *
The three-headed hydra bites you!
* * * LOW HITPOINT WARNING * * *
The three-headed hydra bites you.
You die...

........#. #...)......##
..........##########..#..######
....#...........## ##.........#
.[...............## #.........#
#.................####........#
...................####.......#
###...........................#
###..[............####........#
..#.............@##########.###
#.##............D#.....+ #.#
..# #.....#......#.....# )# #
### ######.##'''###'#
#.#.....P≈.# #.#..P..≈≈P#
#.#....KP)≈# #.#......≈P#
#.#.≈.≈.≈PP#


You could see a three-headed hydra.

Vanquished Creatures
  Prince Ribbit (D:7)
  2 dream sheep (D:8)
  Sigmund (D:5)
  2 yaks (D:8)
  Duvessa (D:5)
  2 orc warriors
  A sky beast (D:5)
  3 ice beasts
  A black bear (D:7)
  A necrophage (D:7)
  2 centaurs (D:8)
  A phantom (D:4)
  2 ogres (D:8)
  A crocodile (D:8)
  2 big kobolds (D:8)
  A gnoll sergeant (D:8)
  4 bullfrogs
  Dowan (D:5)
  3 scorpions
  4 crimson imps
  A bullfrog zombie (D:5)
  8 orc priests
  A bullfrog skeleton (D:5)
  5 hounds
  4 iguanas
  6 orc wizards
  5 worker ants
  A hound skeleton (D:8)
  19 gnolls
  10 adders
  An ooze (D:5)
  2 adder zombies (D:5)
  3 worms
  A leopard gecko (D:3)
  29 orcs
  8 giant cockroaches
  9 goblins
  6 hobgoblins
  10 jackals
  4 quokkas
  2 ball pythons
  7 bats
  7 frilled lizards
  7 kobolds
  A leopard gecko zombie (D:5)
  A quokka skeleton (D:3)
  6 rats
200 creatures vanquished.

Notes
Turn   | Place    | Note
-------+----------+-------------------------------------------
     0 | D:1      | dvd the Octopode Earth Elementalist began the quest for the
                  | Orb.
     0 | D:1      | Reached XP level 1. HP: 11/11 MP: 3/3
   199 | D:1      | Reached XP level 2. HP: 17/17 MP: 1/5
   971 | D:2      | Reached XP level 3. HP: 18/21 MP: 3/6
   976 | D:2      | Learned a level 3 spell: Stone Arrow
  1477 | D:2      | Reached XP level 4. HP: 24/27 MP: 6/8
  2142 | D:3      | Reached skill level 4 in Earth Magic
  2217 | D:3      | Reached XP level 5. HP: 24/31 MP: 1/10
  2845 | D:3      | Found a faded altar of an unknown god.
  2853 | D:3      | Found a radiant altar of Vehumet.
  2861 | D:3      | Became a worshipper of Vehumet
  3455 | D:3      | Reached XP level 6. HP: 29/36 MP: 7/11
  4007 | D:4      | Reached skill level 1 in Conjurations
  4072 | D:4      | Reached * piety under Vehumet
  4072 | D:4      | Offered knowledge of Shock by Vehumet.
  4085 | D:4      | Learned a level 1 spell: Shock
  4098 | D:4      | Reached skill level 5 in Earth Magic
  4159 | D:4      | Reached XP level 7. HP: 35/42 MP: 2/13
  4535 | D:4      | Reached skill level 5 in Spellcasting
  4817 | D:5      | Entered Level 5 of the Dungeon
  4894 | D:5      | Found a sparkling altar of Nemelex Xobeh.
  5047 | D:5      | Noticed Sigmund
  5052 | D:5      | Killed Sigmund
  5052 | D:5      | Reached skill level 1 in Polearms
  5052 | D:5      | Reached XP level 8. HP: 45/47 MP: 12/16
  5199 | D:5      | Reached skill level 5 in Stealth
  5199 | D:5      | Reached skill level 6 in Earth Magic
  5256 | D:5      | Noticed Dowan
  5258 | D:5      | Noticed Duvessa
  5273 | D:5      | Killed Duvessa
  5273 | D:5      | Reached skill level 1 in Fighting
  5274 | D:5      | Killed Dowan
  6099 | D:5      | Reached skill level 1 in Long Blades
  6290 | D:6      | Found a snail-covered altar of Cheibriados.
  6292 | D:6      | Found a glowing silver altar of Zin.
  6292 | D:6      | Found a bloodstained altar of Trog.
  6293 | D:6      | Found a sacrificial altar of Ru.
  6293 | D:6      | Found a basalt altar of Yredelemnul.
  6336 | D:6      | Reached ** piety under Vehumet
  6391 | D:6      | Offered knowledge of Flame Tongue by Vehumet.
  6398 | D:6      | Learned a level 1 spell: Flame Tongue
  7004 | D:6      | Reached XP level 9. HP: 18/54 MP: 1/18
  7130 | D:6      | Reached skill level 7 in Earth Magic
  7452 | D:7      | Noticed Prince Ribbit
  7466 | D:7      | Killed Prince Ribbit
  7868 | D:7      | Found a staircase to the Ecumenical Temple.
  8046 | D:7      | Found a glowing golden altar of the Shining One.
  8104 | Temple   | Entered the Ecumenical Temple
  8242 | D:8      | Learned a level 5 spell: Lee's Rapid Deconstruction
  8605 | D:7      | Offered knowledge of Inner Flame by Vehumet.
  9757 | D:8      | Reached skill level 8 in Earth Magic
 10123 | D:8      | Reached XP level 10. HP: 60/60 MP: 10/21
 10137 | D:8      | Reached *** piety under Vehumet
 10498 | D:8      | Found an opulent altar of Gozag.
 10661 | D:8      | Reached skill level 5 in Conjurations
 10679 | D:8      | Reached skill level 9 in Earth Magic
 10732 | D:8      | Noticed a three-headed hydra
 10752 | D:8      | HP: 1/60 [three-headed hydra (12)]
 10752 | D:8      | Slain by a three-headed hydra

Skill      XL: |  1  2  3  4  5  6  7  8  9 10 |
---------------+-------------------------------+-----
Stealth        | 3 4 5 6 |  6.2
Spellcasting   | 3 4 5 6 7 |  7.9
Earth Magic    | 4 5 6 8 9 |  9.0
Conjurations   | 1 2 4 5 |  5.1
Polearms       | 1 |  1.8
Fighting       | 1 2 |  2.2
Long Blades    | 2 3 |  3.5
Dodging        | 3 |  3.4
Transmutations | |  1.0
Fire Magic     | |  0.2

Action                   |  1- 3 |  4- 6 |  7- 9 | 10-12 || total
-------------------------+-------+-------+-------+-------++-------
Melee: Unarmed           |     1 |       |       |       ||     1
       Dagger            |    32 |       |       |       ||    32
       Constrict         |    11 |    15 |    26 |     5 ||    57
       Tentacles         |     5 |    10 |    22 |     6 ||    43
       Falchion          |       |    13 |       |       ||    13
       Spear             |       |    27 |    33 |       ||    60
       Long sword        |       |       |    50 |    12 ||    62
       Short sword       |       |       |     6 |     7 ||    13
       Flail             |       |       |     2 |       ||     2
 Cast: Sandblast         |    40 |    66 |   100 |     3 ||   209
       Stone Arrow       |       |    11 |    47 |    19 ||    77
       Flame Tongue      |       |       |     5 |     1 ||     6
       Shock             |       |       |     5 |       ||     5
       Lee's Rapid Decon |       |       |    10 |     5 ||    15
  Use: Scroll            |       |       |    10 |     1 ||    11
       Potion            |       |       |     9 |       ||     9
 Stab: Sleeping          |     5 |     5 |    13 |       ||    23
  Eat: Chunk             |     2 |     9 |    19 |     4 ||    34
       Ration            |       |       |     1 |       ||     1
Armor: Skin              |     5 |     4 |     7 |     1 ||    17
Dodge: Dodged            |    23 |    37 |   113 |    14 ||   187
       Rpst.: Falchion   |       |     1 |       |       ||     1
       Long sword        |       |       |    14 |     4 ||    18
